 Dungeon Crawl Stone Soup version 0.26.1-11-gd32895ea62 (webtiles) character file.

Game seed: 12135067383527724488

928778 Sin92 the Executioner (level 27, -7/255 (256) HPs)
             Began as a Demonspawn Fighter on July 5, 2021.
             Was the Champion of Okawaru.
             Mangled by a bennu (13 damage)
             ... on level 3 of the Tomb of the Ancients on July 8, 2021.
             The game lasted 05:33:23 (84262 turns).

Sin92 the Executioner (Demonspawn Fighter)         Turns: 84262, Time: 05:33:24

HP:   -7/255 (256)  AC: 41    Str: 34    XL:     27
MP:   30/32         EV: 30    Int: 18    God:    Okawaru [******]
Gold: 7899          SH: 42    Dex: 37    Spells: 26/26 levels left

rFire    + + .     SeeInvis +   J - +9 broad axe (vamp)
rCold    + + +     Faith    .   f - +6 tower shield "Roxyom" {Str+4 Dex+6}
rNeg     + + .     Spirit   .   X - +9 crystal plate armour
rPois    +         Reflect  +   G - -2 hat of the Alchemist {rElec rPois rF+ rC+ rN+ Will+ rMut rCorr}
rElec    +         Harm     .   O - +1 cloak of the Sun {rC+ Dex+5 SInv}
rCorr    +         Rampage  .   k - +1 pair of gloves {Str+3}
rMut     +                      (boots unavailable)
Will     +++..                  v - amulet of reflection
Stlth    ..........             t - ring "Bess" {rC- rN+ Int+6 Dex+7}
HPRegen  0.52/turn              o - ring "Yxtaobb" {rCorr Dex+4}
MPRegen  0.23/turn

@: mighty, silence, resistant, heroism, finesse, hasted, studying Polearms,
lightly drained, very quick
A: talons 3, rugged brown scales 3, agile 1, cold resistance 1, deformed body,
demonic guardian 3, passive freeze, shaggy fur 1, spiny 3, no potion heal 1,
freezing cloud immunity
}: 8/15 runes: barnacled, slimy, silver, golden, iron, bone, abyssal, gossamer
a: Renounce Religion


You were on level 3 of the Tomb of the Ancients.
You worshipped Okawaru.
Okawaru was exalted by your worship.
You visited 17 branches of the dungeon, and saw 85 of its levels.
You visited the Abyss 4 times.
You also visited: Sewer, Bailey, Ice Cave, Volcano and Desolation.

You collected 12610 gold pieces.
You spent 4711 gold pieces at shops.

Inventory:

Hand Weapons
 m - the +8 broad axe "Qeruunen" {chaos, Str+3}
   (Okawaru gifted it to you on level 7 of Cocytus)

   Each time it hits an enemy it has a different, random effect.
   It affects your strength (+3).
 J - a +9 vampiric broad axe (weapon)
 K - the +8 trident of Liaxzun {flame, *Drain rPois Int+2 Dex+4}
   (You found it in the Desolation of Salt)

   It has been specially enchanted to burn those struck by it, causing extra
   injury to most foes and up to half again as much damage against particularly
   susceptible opponents.
   It affects your intelligence (+2).
   It affects your dexterity (+4).
   It protects you from poison.
   It causes draining when unequipped.
 L - the +8 trident "Impslayer" {drain, rPois Will+ Str-2 Dex+3}
   (You took it off a centaur on level 3 of the Lair of Beasts)

   A truly terrible weapon, it drains the life of those it strikes.
   It affects your strength (-2).
   It affects your dexterity (+3).
   It protects you from poison.
   It affects your willpower, your defense against some magical effects.
Missiles
 E - 90 javelins (quivered)
Armour
 f - the +6 tower shield "Roxyom" (worn) {Str+4 Dex+6}
   (Okawaru gifted it to you on level 5 of the Pits of Slime)

   It affects your strength (+4).
   It affects your dexterity (+6).
 i - the +7 kite shield of the Fletcher {rN+ Str+4 Dex+2}
   (Okawaru gifted it to you on level 1 of Tartarus)

   It affects your strength (+4).
   It affects your dexterity (+2).
   It protects you from negative energy.
 k - a +1 pair of gloves of strength (worn)
 G - the -2 hat of the Alchemist (worn) {rElec rPois rF+ rC+ rN+ Will+ rMut rCorr}
   (You found it in an ice cave)

   It protects you from fire.
   It protects you from cold.
   It insulates you from electricity.
   It protects you from poison.
   It protects you from negative energy.
   It affects your willpower, your defense against some magical effects.
   It provides partial protection from all sources of acid and corrosion.
   It protects you from mutation.
 O - the +1 cloak of the Sun (worn) {rC+ Dex+5 SInv}
   (You found it on level 3 of the Vaults)

   It affects your dexterity (+5).
   It protects you from cold.
   It lets you see invisible.
 X - a +9 crystal plate armour (worn)
 Y - the +4 helmet "Aneel" {Str+5 Dex+3}
   (Okawaru gifted it to you on level 3 of the Shoals)

   It affects your strength (+5).
   It affects your dexterity (+3).
Jewellery
 l - the amulet "Worph" {RegenMP rN+ Int+4}
   (You found it on level 7 of the Iron City of Dis)

   [amulet of magic regeneration]

   It increases your magic regeneration.
   It affects your intelligence (+4).
   It protects you from negative energy.
 n - an uncursed amulet of faith
 o - the ring "Yxtaobb" (right hand) {rCorr Dex+4}
   (You bought it in a shop on level 4 of the Depths)

   [ring of resist corrosion]

   It affects your dexterity (+4).
   It provides partial protection from all sources of acid and corrosion.
 p - the ring of the Tortoise {AC+8}
   (You found it on level 3 of the Tomb of the Ancients)

   [ring of protection]

   It affects your AC (+8).
 s - an uncursed amulet of guardian spirit
 t - the ring "Bess" (left hand) {rC- rN+ Int+6 Dex+7}
   (You found it in the Desolation of Salt)

   [ring of intelligence]

   It affects your intelligence (+6).
   It affects your dexterity (+7).
   It makes you vulnerable to cold.
   It protects you from negative energy.
 v - an amulet of reflection (around neck)
 F - a +6 ring of dexterity
 Z - an uncursed amulet of regeneration
Wands
 y - a wand of flame (22)
 C - a wand of digging (33)
Scrolls
 b - 8 scrolls of fear
 c - a scroll of amnesia
 j - a scroll of teleportation
 r - 28 scrolls of remove curse
 u - 4 scrolls of identify
 A - 3 scrolls of fog
 I - 5 scrolls of silence
 M - a scroll of blinking
 P - a scroll of brand weapon
 U - 9 scrolls of enchant weapon
Potions
 e - 7 potions of haste
 g - 6 potions of flight
 h - 16 potions of curing
 q - 2 potions of brilliance
 w - a potion of magic
 x - 2 potions of resistance
 D - a potion of cancellation
 W - 4 potions of berserk rage
Books
 a - a manual of Polearms


   Skills:
 + Level 24.6(27) Fighting
 + Level 26.6(27) Axes
 + Level 12.8(26.3) Polearms
 + Level 22.9(27) Armour
 + Level 15.9(20.9) Dodging
 + Level 22.9(27) Shields
 - Level 13.0 Invocations


You had 26 spell levels left.
You didn't know any spells.
Your spell library contained the following spells:

 Spells                   Type           Power        Failure   Level
 Animate Skeleton         Necr           0%           67%         1
 Apportation              Tloc           0%           67%         1
 Beastly Appendage        Tmut           0%           67%         1
 Corona                   Hex            0%           67%         1
 Foxfire                  Conj/Fire      0%           67%         1
 Freeze                   Ice            0%           67%         1
 Magic Dart               Conj           0%           67%         1
 Pain                     Necr           0%           67%         1
 Sandblast                Erth           0%           67%         1
 Shock                    Conj/Air       0%           67%         1
 Sting                    Tmut/Pois      0%           67%         1
 Summon Small Mammal      Summ           0%           67%         1
 Blink                    Tloc           N/A          82%         2
 Call Imp                 Summ           0%           82%         2
 Corpse Rot               Necr/Air       N/A          82%         2
 Ensorcelled Hibernation  Hex/Ice        0%           82%         2
 Passwall                 Tmut/Erth      0%           82%         2
 Poisonous Vapours        Pois/Air       0%           82%         2
 Searing Ray              Conj           0%           82%         2
 Slow                     Hex            0%           82%         2
 Sublimation of Blood     Necr           0%           82%         2
 Swiftness                Air            0%           82%         2
 Wereblood                Tmut           0%           82%         2
 Call Canine Familiar     Summ           0%           96%         3
 Confusing Touch          Hex            0%           96%         3
 Conjure Flame            Conj/Fire      0%           96%         3
 Dazzling Flash           Conj/Hex       0%           96%         3
 Frozen Ramparts          Ice            0%           96%         3
 Gell's Gravitas          Tloc           0%           96%         3
 Ignite Poison            Fire/Tmut/Pois 0%           96%         3
 Inner Flame              Hex/Fire       0%           96%         3
 Lesser Beckoning         Tloc           0%           96%         3
 Mephitic Cloud           Conj/Pois/Air  0%           96%         3
 Ozocubu's Armour         Ice            0%           96%         3
 Portal Projectile        Hex/Tloc       0%           96%         3
 Spider Form              Tmut/Pois      0%           96%         3
 Static Discharge         Conj/Air       0%           96%         3
 Stone Arrow              Conj/Erth      0%           96%         3
 Summon Guardian Golem    Hex/Summ       0%           96%         3
 Teleport Other           Tloc           0%           96%         3
 Tukima's Dance           Hex            0%           96%         3
 Vampiric Draining        Necr           0%           96%         3
 Airstrike                Air            0%           100%        4
 Animate Dead             Necr           0%           100%        4
 Cause Fear               Hex            0%           100%        4
 Dispel Undead            Necr           0%           100%        4
 Fulminant Prism          Conj/Hex       0%           100%        4
 Hailstorm                Conj/Ice       0%           100%        4
 Ice Form                 Ice/Tmut       0%           100%        4
 Iskenderun's Mystic Bla  Conj/Tloc      0%           100%        4
 Leda's Liquefaction      Hex/Erth       0%           100%        4
 Olgreb's Toxic Radiance  Pois           0%           100%        4
 Passage of Golubria      Tloc           N/A          100%        4
 Petrify                  Tmut/Erth      0%           100%        4
 Sticky Flame             Conj/Fire      0%           100%        4
 Summon Ice Beast         Ice/Summ       0%           100%        4
 Summon Lightning Spire   Summ/Air       0%           100%        4
 Agony                    Necr           0%           100%        5
 Alistair's Intoxication  Tmut/Pois      0%           100%        5
 Blade Hands              Tmut           0%           100%        5
 Bolt of Magma            Conj/Fire/Erth 0%           100%        5
 Borgnjor's Vile Clutch   Necr/Erth      0%           100%        5
 Excruciating Wounds      Necr           0%           100%        5
 Fireball                 Conj/Fire      0%           100%        5
 Lee's Rapid Deconstruct  Erth           0%           100%        5
 Lightning Bolt           Conj/Air       0%           100%        5
 Silence                  Hex/Air        0%           100%        5
 Conjure Ball Lightning   Conj/Air       0%           100%        6
 Death Channel            Necr           0%           100%        6
 Dispersal                Tloc           0%           100%        6
 Freezing Cloud           Conj/Ice/Air   0%           100%        6
 Hydra Form               Tmut           0%           100%        6
 Invisibility             Hex            0%           100%        6
 Iron Shot                Conj/Erth      0%           100%        6
 Ozocubu's Refrigeration  Ice            0%           100%        6
 Shadow Creatures         Summ           N/A          100%        6
 Simulacrum               Ice/Necr       0%           100%        6
 Statue Form              Tmut/Erth      0%           100%        6
 Dragon Form              Tmut           0%           100%        7
 Malign Gateway           Summ/Tloc      0%           100%        7
 Monstrous Menagerie      Summ           0%           100%        7
 Summon Greater Demon     Summ           0%           100%        7
 Disjunction              Tloc           0%           100%        8
 Ignition                 Fire           0%           100%        8
 Summon Horrible Things   Summ           0%           100%        8
 Dragon's Call            Summ           0%           100%        9
 Shatter                  Erth           0%           100%        9
 Tornado                  Air            0%           100%        9


Dungeon Overview and Level Annotations

Branches:
Dungeon (15/15)            Temple (1/1) D:5            Lair (6/6) D:9
 Shoals (4/4) Lair:3       Spider (4/4) Lair:3        Slime (5/5) Lair:6
    Orc (2/2) D:11            Elf (3/3) Orc:2        Vaults (5/5) D:13
  Crypt (3/3) Vaults:2       Tomb (3/3) Crypt:3      Depths (5/5) D:15
   Hell (visited)             Dis (7/7) Hell            Geh (7/7) Hell
    Coc (7/7) Hell            Tar (7/7) Hell            Zot (0/5) Depths:5
  Sewer (visited)          Bailey (visited)           IceCv (visited)
Volcano (visited)         Desolation (visited)

Altars:
Ashenzari
Cheibriados
Dithmenos
Elyvilon
Fedhas
Gozag
Hepliaklqana
Kikubaaqudgha
Makhleb
Nemelex Xobeh
Okawaru
Qazlal
Ru
Sif Muna
Trog
Uskayaw
Vehumet
Wu Jian
Xom
Yredelemnul
Zin
The Shining One
Beogh
Jiyva

Shops:
D:8 *   D:12 [   D:13 *   D:14 =   Orc:2 **!!   Elf:1 :   Elf:3 *   Vaults:3 [
Vaults:4 *[!*   Depths:2 :*!*   Depths:4 }=}

Portals:
Hell: Depths:1 Depths:2 Depths:3 Depths:5
Abyss: Depths:3
Pandemonium: Depths:3
Ziggurat: Depths:3

Annotations:
Coc:7 Antaeus


Innate Abilities, Weirdness & Mutations

You have claws for feet.
You are completely covered in rugged brown scales. (AC +3, +7% HP)
Your flesh is cold resistant. (rC+)
A powerful demonic guardian rushes to your aid.
A frigid envelope surrounds you and freezes all who hurt you.
You are completely covered in sharp spines.
You are immune to freezing clouds.
You are agile. (Dex +2)
Armour fits poorly on your strangely shaped body.
You are covered in fur. (AC +1)
Potions are less effective at restoring your health.


Message History

Okawaru accepts your kill.
You cut the flying skull into ribbons!!!
You destroy the flying skull!
Okawaru accepts your kill. The death scarab bites you!
* * * LOW HITPOINT WARNING * * *
The death scarab is very cold.
You destroy the death scarab!
Okawaru accepts your kill.
You slice the death scarab!!
You destroy the death scarab!
Okawaru accepts your kill.
You slash the death scarab! You slash the bennu!
You block the death scarab's attack.
You miss the flying skull. You claw the flying skull!!
The flying skull is almost destroyed.
You slice the bennu!! You miss the death scarab.
You block the death scarab's attack. You block the bennu's attack. x2
The bennu claws you!
You die...

#### ## ##[$...##
#. ##):$MM..###^
##)M)$$....##^
##)|[$$M....##.
##==M)$.......#M
##}"B[$M§§....^#M
##:)B||/$......B'M
#@zZM}$$..§...B.#z
#Bb$M$$$........#z
#)$$$.$........##.
#!$$b....§.....##.
#$.$...^..^..z##.B
##$....M...B<##...
#.......§..##.M.z
###....^.M##..BMM
###...^##M.MBz.


You could see 2 bennus, 2 mummy priests, 2 guardian mummies, 3 death scarabs, a
flying skull, 2 mummies and a cane toad skeleton.

Vanquished Creatures
  the Royal Jelly (Slime:5)
  Ereshkigal (Tar:7)
  Dispater (Dis:7)
  3 ancient liches
  Mennas (Vaults:3)
  4 royal mummies
  8 shard shrikes (Coc:7)
  The ghost of TuffENuff the End of an Era, a veteran FoFi of Qazlal (Vaults:3)
  5 caustic shrikes
  A curse toe (Crypt:3)
  Nikola (Elf:1)
  Jory (Crypt:3)
  2 golden dragons
  2 profane servitors
  16 bone dragons
  34 large abominations
  5 iron giants (Dis:7)
  8 Tzitzimimeh
  6 Brimstone Fiends
  4 doom hounds
  5 tentacled monstrosities
  8 Ice Fiends
  Jorgrun (Elf:1)
  7 Hell Sentinels (Dis:7)
  14 liches
  3 titans
  3 deep elf blademasters
  2 deep elf master archers (Elf:3)
  Asterion (Elf:1)
  2 quicksilver dragons (Dis:7)
  17 sphinxes
  14 ancient champions
  Frances (Spider:1)
  19 tentacled starspawn
  2 krakens
  21 acid blobs
  5 shadow dragons
  Murray (Hell)
  4 storm dragons
  Roxanne (Shoals:3)
  11 tengu reavers
  10 azure jellies
  A daeva (Abyss:3)
  9 revenants
  9 fire giants
  11 iron dragons
  10 frost giants
  2 orc warlords
  5 deep elf sorcerers
  2 balrugs
  Aizul (Elf:3)
  Louise (Spider:2)
  2 ghost moths
  5 deep elf elementalists
  A draconian knight (Depths:5)
  11 vault wardens
  A caustic shrike zombie (Hell)
  An imperial myrmidon (Desolation)
  3 emperor scorpions
  A draconian shifter (Depths:5)
  A spriggan defender (Depths:4)
  3 curse skulls
  6 ghouls
  An elemental wellspring (Coc:7)
  A draconian stormcaller (Depths:5)
  13 war gargoyles
  26 reapers
  12 ironheart preservers
  20 stone giants
  29 very ugly things
  6 bennus (Tomb:2)
  A corrupter (Abyss:3)
  An ophan (Abyss:1)
  6 deep elf demonologists
  6 entropy weavers
  5 vampire knights
  Azrael (Spider:2)
  A white draconian (Depths:5)
  2 green draconians
  5 lorocyprocas
  A yellow draconian (Depths:5)
  A red draconian (Abyss:3)
  8 spark wasps
  5 halazid warlocks (Desolation)
  An eleionoma (shapeshifter) (Depths:3)
  A purple draconian (Depths:5)
  12 deep elf annihilators
  7 eidola
  4 merfolk javelineers
  12 jiangshi
  12 ettins
  12 mummy priests
  4 green deaths
  10 blizzard demons
  6 deep elf death magi
  15 fire dragons
  10 ragged hierophants (Desolation)
  15 yaktaur captains
  6 deep elf high priests
  6 quicksilver dragon zombies
  5 crystal guardians
  8 great orbs of eyes
  6 rakshasas
  Josephine (Spider:1)
  5 death oozes
  3 quicksilver dragon skeletons
  5 boulder beetles
  4 merfolk impalers
  15 hydras
  A catoblepas (Shoals:2)
  2 spriggan air magi
  A hell beast (Dis:4)
  13 ice dragons
  13 servants of whispers (Desolation)
  5 peacekeepers
  31 vault guards
  2 merfolk avatars
  13 centaur warriors
  3 merfolk aquamancers
  31 two-headed ogres
  An alligator snapping turtle (Shoals:3)
  A satyr (shapeshifter) (D:13)
  4 satyrs
  A queen ant (shapeshifter) (Depths:2)
  24 dancing weapons
  2 death yaks (Lair:5)
  8 death knights
  53 death scarabs
  10 ogre magi
  9 vampire magi
  4 deep troll earth magi
  5 tengu warriors
  4 deep troll shamans
  5 spriggan berserkers
  10 soul eaters
  32 deep elf knights
  2 titan zombies
  8 thrashing horrors
  4 iron golems
  3 orc high priests
  16 hell hogs
  An iron troll (Depths:4)
  2 sun demons
  4 storm dragon zombies
  75 skeletal warriors
  A fire crab (Lair:6)
  A salamander mystic (Depths:3)
  14 sea snakes
  14 hell knights
  2 titan skeletons (Coc:7)
  6 shadow wraiths
  2 sixfirhies
  23 wretched stars
  A death drake (shapeshifter) (Depths:2)
  2 ghost moth zombies
  10 anaconda zombies
  15 deep trolls
  2 storm dragon skeletons
  A glowing orange brain (shapeshifter) (Vaults:2)
  5 spatial maelstroms
  6 unseen horrors
  4 golden dragon zombies
  2 lindwurms (Volcano)
  6 shadow demons
  8 wizards
  8 flayed ghosts
  10 necromancers
  A spectral wolf spider (Spider:4)
  2 bog bodies (Crypt:1)
  11 glowing orange brains
  3 anaconda skeletons
  A harpy (shapeshifter) (D:15)
  17 ironbrand convokers
  An obsidian statue (Depths:2)
  2 shadow dragon zombies
  14 harpies
  10 orc knights
  25 deep elf archers
  3 golden dragon skeletons
  17 phantasmal warriors
  6 oklob plants
  An orange crystal statue (Depths:3)
  66 deep elf magi
  A sphinx zombie (Hell)
  8 shining eyes
  6 orc sorcerers
  23 wolf spiders
  31 ugly things
  4 wolf spider zombies
  A faun (shapeshifter) (Vaults:4)
  4 frost giant zombies
  2 mana vipers (shapeshifter)
  A goliath frog zombie (Crypt:2)
  A salamander (shapeshifter) (Vaults:4)
  12 orb spiders
  A shadow dragon skeleton (Abyss:3)
  4 cyclopes
  21 fauns
  3 iron dragon skeletons
  5 worldbinders
  2 salamanders (Depths:3)
  18 manticores
  A tengu skeleton (Vaults:2)
  3 stone giant zombies
  2 will-o-the-wisps
  2 fire giant zombies
  6 fire giant skeletons
  3 frost giant skeletons
  5 black mambas
  A toenail golem (Volcano)
  10 merfolk sirens
  An elephant (shapeshifter) (Depths:5)
  40 rust devils
  2 stone giant skeletons
  5 dire elephant zombies
  2 guardian serpents (shapeshifter)
  3 guardian serpents
  4 water nymphs
  4 elephants
  A shock serpent zombie (Coc:7)
  An apocalypse crab (Abyss:4)
  15 vault sentinels
  5 orange demons
  A black mamba (shapeshifter) (Vaults:3)
  An eye of devastation (shapeshifter) (Depths:3)
  A gargoyle (D:14)
  3 ice statues
  A titan simulacrum (Vaults:2)
  A naga mage (D:13)
  3 torpor snails
  3 eyes of devastation
  7 molten gargoyles
  5 dire elephant skeletons
  A minotaur zombie (Crypt:3)
  9 cane toads
  2 cane toads (shapeshifter)
  18 smoke demons
  2 redback zombies (Spider:4)
  4 elf zombies
  A spriggan zombie (Hell)
  A spectral redback (Spider:4)
  A green draconian zombie (Dis:7)
  13 komodo dragons
  10 hellions
  2 emperor scorpion zombies
  2 catoblepas zombies
  3 human zombies
  2 kobold demonologists
  29 tormentors
  2 komodo dragons (shapeshifter)
  49 yaktaurs
  13 demonic crawlers
  2 anaconda simulacra
  33 freezing wraiths
  A sea snake skeleton (Crypt:1)
  3 yaktaurs (shapeshifter)
  8 efreet
  27 guardian mummies
  11 rime drakes
  32 ice devils
  3 tengu conjurers
  2 hellwings (Abyss:3)
  9 hydra zombies
  A queen ant zombie (Crypt:3)
  9 ancient zymes
  A catoblepas skeleton (Tomb:3)
  4 wind drakes
  3 silent spectres
  39 jumping spiders
  3 polar bears
  4 spectral tarantellas (Spider:4)
  2 yaktaur skeletons (Vaults:2)
  2 harpy skeletons
  12 red devils
  A shadow dragon simulacrum (Coc:7)
  59 saltlings
  11 hornets
  4 spectral jumping spiders (Spider:4)
  6 trolls
  2 wolf spider simulacra
  6 hydra skeletons
  3 ice dragon zombies
  A jumping spider zombie (Spider:4)
  2 polar bears (shapeshifter)
  A raiju (shapeshifter) (D:13)
  21 merfolk
  5 dream sheep
  100 slime creatures
  4 alligator zombies
  2 deep troll zombies (Hell)
  6 ettin zombies
  A stone giant simulacrum (Tomb:3)
  13 blink frogs
  A human simulacrum (Vaults:2)
  3 tarantella zombies (Spider:4)
  A fire dragon zombie (Coc:1)
  A fire giant simulacrum (Vaults:2)
  41 raiju
  12 snapping turtles
  5 alligator skeletons
  2 ice dragon skeletons
  A dream sheep (shapeshifter) (Depths:4)
  6 fire dragon skeletons
  31 water elementals
  A frost giant simulacrum (Coc:7)
  An ettin skeleton (Vaults:2)
  41 flying skulls
  14 shadows
  39 tarantellas
  5 air elementals
  3 black mamba zombies
  72 redbacks
  A wind drake zombie (Crypt:2)
  3 ushabtiu
  6 ynoxinuls
  30 yaks
  19 wraiths
  7 wyverns
  2 golden eyes (Slime:2)
  2 yaks (shapeshifter) (D:15)
  5 vampires
  4 basilisks
  6 chaos spawn
  18 fire elementals
  A spriggan (Depths:4)
  A fire bat (Abyss:3)
  A golden eye (shapeshifter) (Vaults:3)
  A black mamba skeleton (Coc:7)
  2 steam dragons (Lair:6)
  A vampire mosquito (D:10)
  A catoblepas simulacrum (Hell)
  A yaktaur simulacrum (Vaults:2)
  7 neqoxecs
  5 wargs
  2 merfolk zombies (Dis:7)
  A naga (D:13)
  An acid dragon (D:14)
  12 spatial vortices
  22 hell hounds
  15 soldier ants (D:10)
  A merfolk skeleton (Tar:3)
  Duvessa (D:7)
  A monstrous demonspawn zombie (Abyss:3)
  3 water moccasins
  10 cane toad zombies
  A floating eye (Depths:2)
  2 hydra simulacra
  A black bear (shapeshifter) (Vaults:2)
  3 swamp dragon zombies
  A hornet zombie (D:13)
  A black bear (D:7)
  35 orc warriors
  An ettin simulacrum (Coc:7)
  4 ice beasts
  2 sky beasts
  A fire dragon simulacrum (Depths:1)
  2 cane toad skeletons (Hell)
  4 manticore zombies
  43 ogres
  9 eyes of draining
  13 necrophages
  27 wolves
  2 eyes of draining (shapeshifter)
  8 phantoms
  A swamp dragon skeleton (Crypt:1)
  9 boggarts
  A snapping turtle zombie (Geh:5)
  A lindwurm skeleton (Crypt:2)
  A manticore skeleton (Tar:3)
  3 snapping turtle skeletons
  A blink frog skeleton (Crypt:1)
  A hog zombie (Crypt:2)
  4 big kobolds
  32 centaurs
  3 orc skeletons
  A palentonga zombie (Crypt:3)
  22 bullfrogs
  A big kobold (shapeshifter) (D:15)
  A gnoll sergeant (Orc:1)
  2 wyvern zombies
  Dowan (D:7)
  A cane toad simulacrum (Coc:7)
  8 earth elementals
  6 human skeletons (Vaults:2)
  A wyvern skeleton (D:14)
  3 scorpions
  4 killer bees
  4 tengu zombies
  A spriggan skeleton (Crypt:1)
  41 wights
  A vampire bat (Lair:4)
  4 electric eels
  A howler monkey (D:8)
  5 centaur zombies
  9 crimson imps
  5 lava snakes (Lair:6)
  52 starcursed masses
  4 bullfrog zombies
  4 draconian simulacra (IceCv)
  4 jellies
  3 quasits (Abyss:2)
  A wolf skeleton (Crypt:3)
  3 centaur skeletons
  16 orc priests
  3 hounds
  15 iron imps
  25 small abominations
  10 iguanas
  22 orc wizards
  2 hell rats (Lair:5)
  2 troll simulacra (IceCv)
  29 worker ants
  An ogre zombie (Geh:3)
  2 centaur simulacra (IceCv)
  A dwarf skeleton (Crypt:1)
  2 hound zombies
  2 hound skeletons
  24 mummies
  Robin (D:4)
  11 gnolls
  A howler monkey skeleton (D:7)
  A swamp drake zombie (Crypt:2)
  19 adders
  A river rat (Sewer)
  2 naga simulacra (IceCv)
  6 shadow imps
  31 white imps
  A worker ant simulacrum (D:10)
  7 ufetubi
  3 oozes
  An adder zombie (D:9)
  An adder skeleton (D:7)
  A lava snake skeleton (Crypt:1)
  7 worms
  12 leopard geckos
  163 orcs
  12 ball pythons
  13 bats
  2 giant cockroaches
  17 goblins
  9 hobgoblins
  4 jackals (D:10)
  4 quokkas
  5 frilled lizards
  A jackal zombie (D:6)
  17 kobolds
  A leopard gecko skeleton (D:6)
  10 rats
  A butterfly (Lair:1)
  3 fire vortices (Volcano)
  2 fungi (Depths:5)
  4 lurking horrors
  18 starspawn tentacles
  3 tentacles (Abyss:3)
3752 creatures vanquished.

Vanquished Creatures (collateral kills)
  Mara (Depths:2)
  Sojobo (Depths:2)
  Bai Suzhen (Shoals:4)
  Geryon (Hell)
  3 bone dragons
  2 iron giants (Dis:7)
  An Ice Fiend (Coc:7)
  A tentacled monstrosity (Vaults:5)
  2 liches
  2 acid blobs
  A titan (Vaults:4)
  Polyphemus (Shoals:2)
  6 ancient champions
  2 storm dragons
  2 azure jellies (Slime:1)
  A fire giant (Depths:2)
  An orc warlord (Vaults:3)
  2 reapers
  8 very ugly things
  A war gargoyle (Vaults:5)
  An emperor scorpion (Spider:1)
  An ironheart preserver (Vaults:2)
  2 stone giants
  A deep elf demonologist (Vaults:5)
  A vampire knight (Crypt:3)
  A deep elf annihilator (Elf:3)
  A minotaur (Lair:2)
  2 spark wasps
  An entropy weaver (Spider:1)
  2 fire dragons
  2 deep elf death magi (Elf:3)
  A death ooze (Slime:5)
  2 merfolk javelineers (Shoals:4)
  A ragged hierophant (Desolation)
  2 deep elf high priests
  A great orb of eyes (Slime:1)
  The ghost of Reubyar the Impaler, a journeyman MiBe of Trog (Lair:2)
  A merfolk impaler (Shoals:4)
  3 yaktaur captains
  An ice dragon (Coc:7)
  2 vault guards (Vaults:5)
  4 hydras
  A boulder beetle (Vaults:5)
  4 ogre magi
  2 dancing weapons
  An alligator snapping turtle (Shoals:2)
  8 two-headed ogres
  A queen ant (D:10)
  4 death scarabs (Spider:4)
  4 death yaks
  2 deep troll earth magi
  A hell hog (Geh:1)
  A deep troll shaman (Vaults:1)
  2 hell knights (Geh:4)
  Urug (Orc:2)
  A spriggan berserker (Depths:2)
  5 skeletal warriors
  2 deep trolls
  A shadow demon (Tar:1)
  2 glowing orange brains
  A spectral emperor scorpion (Spider:4)
  A deep elf archer (Vaults:5)
  A bog body (Crypt:1)
  5 harpies
  An ironbrand convoker (Vaults:5)
  2 phantasmal warriors
  5 wolf spiders
  5 orc knights
  A wolf spider zombie (Dis:7)
  4 deep elf magi
  An orb spider (Spider:1)
  A frost giant zombie (Coc:7)
  A stone giant zombie (Tar:1)
  A moth of wrath (Spider:4)
  4 fauns
  A cyclops (Vaults:1)
  2 shining eyes
  3 ugly things
  A rust devil (Hell)
  An elephant (Lair:4)
  A guardian serpent (Desolation)
  4 manticores
  A torpor snail (Lair:2)
  An ice statue (IceCv)
  A water nymph (Shoals:4)
  An apocalypse crab (Abyss:5)
  4 cane toads
  An orange demon (Abyss:3)
  2 hellions
  Maggie (D:8)
  A spectral redback (Spider:4)
  A redback zombie (Spider:4)
  6 komodo dragons
  5 rime drakes
  2 yaktaurs
  3 jumping spiders
  A wind drake (Shoals:4)
  4 merfolk
  2 red devils
  A spectral tarantella (Spider:4)
  A raiju (Abyss:3)
  10 blink frogs
  2 saltlings (Desolation)
  9 dream sheep
  6 slime creatures
  An ice dragon skeleton (Coc:7)
  A snapping turtle (Shoals:4)
  A shadow (Geh:1)
  2 spriggans
  A vampire (Crypt:3)
  4 redbacks (Spider:1)
  8 wyverns
  2 wraiths (Spider:1)
  5 tarantellas
  Grum (D:8)
  A steam dragon (Lair:6)
  2 basilisks (Lair:5)
  22 yaks
  A warg (Vaults:5)
  5 soldier ants (D:10)
  A cane toad skeleton (Crypt:3)
  2 hell hounds (Lair:6)
  An ice beast (D:7)
  A sky beast (D:7)
  An eye of draining (Abyss:5)
  7 orc warriors
  A necrophage (Tar:1)
  13 ogres
  2 boggarts (Depths:1)
  A centaur (Lair:3)
  A wolf (D:8)
  A small abomination (Abyss:2)
  An elf skeleton (Geh:4)
  2 wights
  4 starcursed masses
  2 orc priests
  3 orc wizards
  4 worker ants
  6 hell rats (Lair:5)
  A mummy (Dis:7)
  A white imp (Coc:7)
  An ooze (D:7)
  10 orcs
  A quokka skeleton (D:4)
  A butterfly (Lair:1)
356 creatures vanquished.

Vanquished Creatures (others)
  A fire giant (Depths:4)
  A deep elf elementalist (Elf:3)
  A spriggan air mage (Depths:2)
  A servant of whispers (Desolation)
  A glowing orange brain (Abyss:3)
  A deep troll (Vaults:5)
  A necromancer (Geh:1)
  An ugly thing (Depths:2)
  A deep elf mage (Elf:3)
  A hydra zombie (Coc:3)
  A hydra skeleton (Coc:3)
  A saltling (Desolation)
  2 redbacks (Spider:2)
  3 shadows
  A water elemental (Coc:7)
  A wraith (Geh:1)
  A fire elemental (Geh:1)
  A chaos spawn (Abyss:3)
  A cane toad zombie (Coc:3)
  An ice beast (Coc:3)
  An ogre (Vaults:5)
  5 wights
  An iron imp (Dis:7)
  2 white imps (Coc:7)
  An ufetubus (Abyss:3)
  A bush (Lair:2)
  10 demonic plants
  A fire vortex (Volcano)
  5 foxfires (Abyss:2)
  41 fungi
  A lurking horror (Abyss:3)
  263 plants
  35 starspawn tentacles
  12 tentacles
402 creatures vanquished.

Grand Total: 4510 creatures vanquished

Notes
Turn   | Place    | Note
-------+----------+-------------------------------------------
     0 | D:1      | Sin92 the Demonspawn Fighter began the quest for the Orb.
     0 | D:1      | Reached XP level 1. HP: 18/18 MP: 1/1
   207 | D:1      | Reached skill level 2 in Axes
   211 | D:1      | Gained mutation: You have sharp toenails. [demonic
                  | ancestry]
   211 | D:1      | Reached XP level 2. HP: 20/24 MP: 2/2
   816 | D:2      | Gained mutation: You are partially covered in rugged brown
                  | scales. (AC +1, +3% HP) [demonic ancestry]
   816 | D:2      | Reached XP level 3. HP: 21/29 MP: 3/3
  1163 | D:2      | Reached skill level 1 in Polearms
  1163 | D:2      | Reached skill level 1 in Dodging
  1428 | D:2      | Gained mutation: A weak demonic guardian rushes to your
                  | aid. [demonic ancestry]
  1428 | D:2      | Reached XP level 4. HP: 35/36 MP: 4/4
  1658 | D:2      | Found a basalt altar of Yredelemnul.
  1822 | D:3      | Found a shadowy altar of Dithmenos.
  2261 | D:3      | Found an ancient bone altar of Kikubaaqudgha.
  2403 | D:4      | Gained mutation: You are partially covered in sharp spines.
                  | [demonic ancestry]
  2403 | D:4      | Reached XP level 5. HP: 35/42 MP: 5/5
  2506 | D:4      | Noticed Robin
  2510 | D:4      | Reached skill level 3 in Axes
  2540 | D:4      | Killed Robin
  2574 | D:4      | Noticed an ogre
  2578 | D:4      | Killed an ogre
  2579 | D:4      | Gained mutation: You are mostly covered in sharp spines.
                  | [demonic ancestry]
  2579 | D:4      | Reached XP level 6. HP: 41/49 MP: 6/6
  2606 | D:4      | Found a glowing drain.
  2619 | Sewer    | Entered a sewer
  3190 | D:4      | Gained mutation: A demonic guardian rushes to your aid.
                  | [demonic ancestry]
  3190 | D:4      | Reached XP level 7. HP: 55/55 MP: 7/7
  3462 | D:5      | Entered Level 5 of the Dungeon
  3478 | D:5      | Reached skill level 4 in Axes
  3542 | D:5      | Found a burning altar of Makhleb.
  3560 | D:5      | Found a burning altar of Makhleb.
  3564 | D:5      | Found a glowing silver altar of Zin.
  3564 | D:5      | Noticed a blizzard demon
  3564 | D:5      | Noticed an angel
  3602 | D:5      | Found a staircase to the Ecumenical Temple.
  3629 | Temple   | Entered the Ecumenical Temple
  3820 | Temple   | Became a worshipper of Warmaster Okawaru
  4320 | D:6      | Reached skill level 1 in Invocations
  4326 | D:6      | Reached XP level 8. HP: 56/62 MP: 7/9
  4374 | D:6      | Reached * piety under Okawaru
  4379 | D:6      | Reached skill level 5 in Axes
  4699 | D:6      | Reached ** piety under Okawaru
  4843 | D:6      | Reached skill level 5 in Fighting
  5224 | D:6      | Found a glowing golden altar of the Shining One.
  5228 | D:6      | Found a radiant altar of Vehumet.
  5648 | D:7      | Reached XP level 9. HP: 67/70 MP: 11/11
  5678 | D:7      | Found a blossoming altar of Fedhas.
  5828 | D:7      | Noticed Dowan
  5829 | D:7      | Noticed Duvessa
  5839 | D:7      | Reached *** piety under Okawaru
  5840 | D:7      | Reached skill level 6 in Axes
  5844 | D:7      | Killed Duvessa
  5845 | D:7      | Reached skill level 5 in Armour
  5845 | D:7      | Reached skill level 5 in Shields
  5850 | D:7      | Killed Dowan
  6592 | D:7      | Found a sparkling altar of Nemelex Xobeh.
  6730 | D:7      | Reached **** piety under Okawaru
  6985 | D:8      | Noticed Grum
  6993 | D:8      | Reached skill level 5 in Invocations
  6993 | D:8      | Noticed Maggie
  7007 | D:8      | Killed Maggie
  7008 | D:8      | Reached skill level 7 in Axes
  7012 | D:8      | Killed Grum
  7308 | D:8      | Gained mutation: A powerful demonic guardian rushes to your
                  | aid. [demonic ancestry]
  7308 | D:8      | Reached XP level 10. HP: 77/78 MP: 0/14
  7314 | D:8      | Reached ***** piety under Okawaru
  7375 | D:8      | Found Etiel's Assorted Antiques.
  8888 | D:9      | Found a staircase to the Lair.
  8898 | D:9      | Reached skill level 5 in Dodging
  9464 | D:9      | Reached skill level 8 in Axes
  9545 | D:9      | Noticed a brown ugly thing
  9553 | D:9      | Killed a brown ugly thing
  9759 | D:10     | Entered Level 10 of the Dungeon
  9852 | D:10     | Received a gift from Okawaru
  9857 | D:10     | Reached ****** piety under Okawaru
  9857 | D:10     | Noticed a queen ant
  9871 | D:10     | Got a dazzling hand axe {god gift}
  9872 | D:10     | Identified the +9 hand axe "Xum Pelett" {freeze, rN+ Int+2}
                  | (Okawaru gifted it to you on level 10 of the Dungeon)
  9880 | D:10     | Killed a queen ant
  9884 | D:10     | Reached XP level 11. HP: 53/86 MP: 16/16
 10645 | D:10     | Reached skill level 9 in Axes
 10647 | D:10     | Received a gift from Okawaru
 11002 | D:10     | Found a runed translucent door.
 11003 | D:10     | Found a runed translucent door.
 11003 | D:10     | Noticed a six-headed hydra
 11170 | D:10     | Killed a six-headed hydra
 11525 | Lair:1   | Entered Level 1 of the Lair of Beasts
 11543 | Lair:1   | Received a gift from Okawaru
 12477 | Lair:1   | Received a gift from Okawaru
 12480 | Lair:1   | Got an ichor-stained helmet {god gift}
 12486 | Lair:1   | Identified the +2 helmet "Luijok" {Rampage rElec Str-5}
                  | (Okawaru gifted it to you on level 1 of the Lair of Beasts)
 12636 | Lair:1   | Reached skill level 10 in Axes
 13171 | Lair:2   | Reached XP level 12. HP: 91/95 MP: 17/17
 13268 | Lair:2   | Noticed a minotaur
 13268 | Lair:2   | Noticed Reubyar's ghost (journeyman MiBe)
 13552 | Lair:2   | Noticed a five-headed hydra
 13555 | Lair:2   | Noticed a seven-headed hydra
 13557 | Lair:2   | Killed a six-headed hydra
 13580 | Lair:2   | Killed a nine-headed hydra
 13956 | Lair:2   | Noticed a six-headed hydra
 13962 | Lair:2   | Killed an eight-headed hydra
 14086 | Lair:2   | Found a runed translucent gate.
 14086 | Lair:2   | Found a runed translucent gate.
 14086 | Lair:2   | Found a runed translucent gate.
 14205 | Lair:2   | Received a gift from Okawaru
 14388 | Lair:2   | Killed Reubyar's ghost
 14395 | Lair:2   | Killed a minotaur
 14739 | Lair:3   | Received a gift from Okawaru
 14742 | Lair:3   | Got a pair of distressingly furry boots {god gift}
 14748 | Lair:3   | Identified the -3 pair of boots "Hien" {Will- Str+5}
                  | (Okawaru gifted it to you on level 3 of the Lair of Beasts)
 15035 | Lair:3   | Found a hole to the Spider Nest.
 15202 | Lair:3   | Identified the +8 trident "Impslayer" {drain, rPois Will+
                  | Str-2 Dex+3}
 15204 | Lair:3   | Found a staircase to the Shoals.
 15471 | Lair:3   | Reached skill level 11 in Axes
 15986 | Lair:4   | Found a frozen archway.
 16006 | IceCv    | Entered an ice cave
 16280 | IceCv    | HP: 3/97 [ice devil (18)]
 16293 | IceCv    | HP: 1/97 [ice devil (5)]
 17076 | IceCv    | Found the -2 hat of the Alchemist {rElec rPois rF+ rC+ rN+
                  | Will+ rMut rCorr}
 17559 | Lair:4   | Reached XP level 13. HP: 102/104 MP: 18/18
 17670 | Lair:4   | Received a gift from Okawaru
 17910 | Lair:4   | Received a gift from Okawaru
 18380 | Lair:5   | Reached skill level 12 in Axes
 18618 | Lair:5   | Received a gift from Okawaru
 18621 | Lair:5   | Got a warped ring mail {god gift}
 18622 | Lair:5   | Identified the +1 ring mail "Coxam" {rElec Str+4 Int+4
                  | Stlth+} (Okawaru gifted it to you on level 5 of the Lair of
                  | Beasts)
 18634 | Lair:5   | Reached skill level 10 in Fighting
 18644 | Lair:5   | Paralysed by a hornet for 3 turns
 19964 | Lair:6   | Entered Level 6 of the Lair of Beasts
 20457 | D:8      | Bought a scroll labelled LEAWAHOATEO for 26 gold pieces
 20806 | Lair:6   | Received a gift from Okawaru
 20811 | Lair:6   | Reached XP level 14. HP: 114/114 MP: 19/19
 21536 | Lair:6   | Received a gift from Okawaru
 21582 | Lair:6   | Found a large runed translucent door.
 21582 | Lair:6   | Found a large runed translucent door.
 21594 | Lair:6   | Reached skill level 13 in Axes
 22697 | Lair:6   | Found a staircase to the Slime Pits.
 23130 | D:10     | Found the cursed +13 scythe of Curses {drain, *Curse}
 23136 | D:10     | Reached skill level 10 in Shields
 23162 | D:10     | Got a polished halberd
 23163 | D:10     | Identified the +8 halberd of Ukhlig {elec, Str+3} (You
                  | found it on level 10 of the Dungeon)
 23368 | D:11     | Found a staircase to the Orcish Mines.
 23613 | D:11     | Found a flagged portal.
 23619 | D:11     | Reached skill level 10 in Armour
 23640 | Bailey   | Entered a bailey
 24319 | D:11     | Identified the Almanac of Attacks and the Escort
 24676 | Orc:1    | Entered Level 1 of the Orcish Mines
 24858 | Orc:1    | Received a gift from Okawaru
 24863 | Orc:1    | Got a crystal war axe {god gift}
 24864 | Orc:1    | Identified the +9 war axe of Dymna {vorpal, Str+7} (Okawaru
                  | gifted it to you on level 1 of the Orcish Mines)
 25155 | Orc:2    | Entered Level 2 of the Orcish Mines
 25209 | Orc:2    | Found a dark tunnel.
 25221 | Volcano  | Entered a volcano
 25380 | Volcano  | Reached skill level 5 in Polearms
 25903 | Orc:2    | Reached skill level 14 in Axes
 25903 | Orc:2    | Reached XP level 15. HP: 122/122 MP: 20/20
 25944 | Orc:2    | Found a roughly hewn altar of Beogh.
 26339 | Orc:2    | Found a staircase to the Elven Halls.
 26567 | Orc:2    | Noticed Urug
 26571 | Orc:2    | Received a gift from Okawaru
 26584 | Orc:2    | Killed Urug
 26590 | Orc:2    | Received a gift from Okawaru
 26614 | Orc:2    | Gained mutation: You are mostly covered in rugged brown
                  | scales. (AC +2, +5% HP) [demonic ancestry]
 26614 | Orc:2    | Reached XP level 16. HP: 27/132 MP: 21/21
 26945 | Orc:2    | Found Ymyaroic's Distillery.
 26945 | Orc:2    | Found Obler's Distillery.
 26946 | Orc:2    | Found Areoq's Assorted Antiques.
 26946 | Orc:2    | Found Lacaddit's General Store.
 27139 | D:12     | Found Werarch's Antique Armour Emporium.
 27170 | D:12     | Bought a glowing plate armour for 598 gold pieces
 27170 | D:12     | Bought a scorched ring mail for 207 gold pieces
 27188 | D:12     | Identified the cursed +0 ring mail of the Sky {rN+} (You
                  | bought it in a shop on level 12 of the Dungeon)
 27270 | D:12     | Received a gift from Okawaru
 27833 | D:13     | Found Oneeda's Serpentskin Sales.
 28263 | D:13     | Found a gate to the Vaults.
 28918 | D:14     | Found Adaohaf's Jewellery Boutique.
 28926 | D:14     | Bought an uncursed amulet of reflection for 420 gold pieces
 29675 | D:15     | Entered Level 15 of the Dungeon
 29867 | D:15     | Found a staircase to the Depths.
 30372 | Spider:1 | Entered Level 1 of the Spider Nest
 30373 | Spider:1 | Noticed Josephine
 30380 | Spider:1 | Reached skill level 15 in Axes
 30386 | Spider:1 | Killed Josephine
 30411 | Spider:1 | Noticed Frances
 30741 | Spider:1 | Received a gift from Okawaru
 30752 | Spider:1 | Killed Frances
 31020 | Spider:1 | Got a bloodstained hand axe {god gift}
 31021 | Spider:1 | Identified the +6 hand axe of Yeast {vorpal, rN+} (Okawaru
                  | gifted it to you on level 1 of the Spider Nest)
 31242 | Spider:2 | Noticed Louise
 31253 | Spider:2 | Gained mutation: Your flesh is cold resistant. (rC+)
                  | [demonic ancestry]
 31253 | Spider:2 | Reached XP level 17. HP: 141/141 MP: 22/22
 31273 | Spider:2 | Killed Louise
 31526 | Spider:2 | Noticed Azrael
 31540 | Spider:2 | Killed Azrael
 31557 | Spider:2 | Received a gift from Okawaru
 32618 | Spider:4 | Entered Level 4 of the Spider Nest
 32633 | Spider:4 | Reached skill level 16 in Axes
 33264 | Spider:4 | Received a gift from Okawaru
 33265 | Spider:4 | Got a pair of crude gloves {god gift}
 33271 | Spider:4 | Identified the +2 pair of gloves of the Purple Skies
                  | {Will++} (Okawaru gifted it to you on level 4 of the Spider
                  | Nest)
 33410 | Spider:4 | Got a gossamer rune of Zot
 34046 | Spider:4 | Identified a scroll of acquirement
 34230 | Shoals:1 | Entered Level 1 of the Shoals
 34236 | Shoals:1 | Gained mutation: You have razor-sharp toenails. [demonic
                  | ancestry]
 34236 | Shoals:1 | Reached XP level 18. HP: 151/151 MP: 23/23
 34523 | Shoals:1 | You fall into a shaft and drop 1 floor!
 35614 | Shoals:2 | Noticed Polyphemus
 35633 | Shoals:2 | Killed Polyphemus
 35886 | Shoals:3 | Received a gift from Okawaru
 35895 | Shoals:3 | Got a faintly glowing helmet {god gift}
 35896 | Shoals:3 | Identified the +4 helmet "Aneel" {Str+5 Dex+3} (Okawaru
                  | gifted it to you on level 3 of the Shoals)
 36097 | Shoals:3 | Reached skill level 17 in Axes
 36811 | Shoals:3 | Identified Roxanne's Disquisition on Moulding
 36811 | Shoals:3 | Noticed Roxanne
 36841 | Shoals:3 | Killed Roxanne
 37078 | Shoals:4 | Entered Level 4 of the Shoals
 37197 | Shoals:4 | Reached skill level 10 in Dodging
 37670 | Shoals:4 | Identified the +2 leather armour "Pug Daos" {rC- Int+6
                  | SInv}
 38147 | Shoals:4 | Received a gift from Okawaru
 38320 | Shoals:4 | Got a barnacled rune of Zot
 38459 | Shoals:4 | Noticed Bai Suzhen
 38714 | Shoals:4 | Killed Bai Suzhen
 38715 | Shoals:4 | Gained mutation: You have claws for feet. [demonic
                  | ancestry]
 38715 | Shoals:4 | Reached XP level 19. HP: 109/159 MP: 24/24
 38859 | Shoals:4 | Identified Serhon's Handbook of Conjuration and Snow
 39289 | Vaults:1 | Entered Level 1 of the Vaults
 39656 | Vaults:1 | Received a gift from Okawaru
 40181 | Vaults:2 | Reached skill level 18 in Axes
 40182 | Vaults:2 | Received a gift from Okawaru
 41155 | Vaults:2 | Found a staircase to the Crypt.
 41587 | Vaults:3 | Received a gift from Okawaru
 41762 | Vaults:3 | Found a transporter.
 41843 | Vaults:3 | Found a runed translucent gate.
 41843 | Vaults:3 | Found a runed translucent gate.
 41843 | Vaults:3 | Found a runed translucent gate.
 41843 | Vaults:3 | Noticed TuffENuff's ghost (veteran FoFi)
 41844 | Vaults:3 | Identified the +5 tower shield of Divine Compulsion {Str+3}
 42066 | Vaults:3 | Found Xomek's Armour Shop.
 42102 | Vaults:3 | Reached XP level 20. HP: 144/169 MP: 25/25
 42537 | Vaults:3 | Noticed Mennas
 42570 | Vaults:3 | Killed Mennas
 42571 | Vaults:3 | Reached skill level 15 in Fighting
 42877 | Vaults:3 | Found a roughly hewn altar of Beogh.
 42915 | Vaults:3 | Killed TuffENuff's ghost
 42968 | Vaults:3 | Got a shimmering cloak
 42979 | Vaults:3 | Identified the +1 cloak "Aruegol" {Str+2 Dex+2} (You found
                  | it on level 3 of the Vaults)
 43042 | Vaults:3 | Found a transporter.
 43047 | Vaults:3 | Received a gift from Okawaru
 43096 | Vaults:3 | Reached skill level 19 in Axes
 43147 | Vaults:3 | Got a dazzling cloak
 43148 | Vaults:3 | Identified the +1 cloak of the Sun {rC+ Dex+5 SInv} (You
                  | found it on level 3 of the Vaults)
 43453 | Vaults:4 | Found Vaopno's General Store.
 43458 | Vaults:4 | Bought a scroll of enchant armour for 142 gold pieces
 43458 | Vaults:4 | Bought a potion of might for 76 gold pieces
 43656 | Vaults:4 | Received a gift from Okawaru
 43853 | Vaults:4 | Found Paseet's Assorted Antiques.
 44146 | Vaults:4 | Was placed under penance by Okawaru
 44264 | Vaults:4 | Paralysed by a great orb of eyes for 7 turns
 44271 | Vaults:4 | Found Myurr's Armour Shop.
 44272 | Vaults:4 | Found Gutosm's Distillery.
 44284 | Vaults:4 | Bought a potion of might for 52 gold pieces
 44284 | Vaults:4 | Bought a potion of might for 52 gold pieces
 44284 | Vaults:4 | Bought a potion of heal wounds for 65 gold pieces
 44482 | Vaults:4 | Was forgiven by Okawaru
 44745 | Vaults:5 | Entered Level 5 of the Vaults
 44763 | Vaults:5 | Noticed an ancient lich
 44775 | Vaults:5 | Reached XP level 21. HP: 177/177 MP: 20/26
 44787 | Vaults:4 | Killed an ancient lich
 44796 | Vaults:5 | Received a gift from Okawaru
 44873 | Vaults:4 | Received a gift from Okawaru
 45378 | Vaults:5 | Identified the +9 long sword "Beetle's Demise" {vorpal,
                  | rElec Stlth+}
 45380 | Vaults:5 | Identified the cursed +1 battleaxe of the Nexus {distort,
                  | Str+5}
 45396 | Vaults:5 | Received a gift from Okawaru
 45397 | Vaults:5 | Reached skill level 20 in Axes
 45403 | Vaults:5 | Reached skill level 15 in Shields
 45416 | Vaults:4 | Reached skill level 15 in Armour
 45969 | Vaults:5 | Gained mutation: You are completely covered in sharp
                  | spines. [demonic ancestry]
 45969 | Vaults:5 | Reached XP level 22. HP: 173/187 MP: 27/27
 45975 | Vaults:5 | Received a gift from Okawaru
 46108 | Vaults:5 | Found the +0 mask of the Dragon {Will+ Slay+3 SInv}
 46120 | Vaults:5 | Got a silver rune of Zot
 46202 | Vaults:5 | Received a gift from Okawaru
 47528 | Depths:1 | Entered Level 1 of the Depths
 47551 | Depths:1 | Found a gateway to Hell.
 48090 | Depths:1 | Found a sparkling altar of Nemelex Xobeh.
 48386 | Depths:1 | Received a gift from Okawaru
 48843 | Vaults:1 | Got a faintly glowing hand axe {god gift}
 48844 | Vaults:1 | Identified the +8 hand axe of Omuu {drain, rElec MP+9
                  | Dex+4} (Okawaru gifted it to you on level 1 of the Vaults)
 49587 | Depths:2 | Paralysed by a vampire knight for 4 turns
 49684 | Depths:2 | Noticed Sojobo
 49708 | Depths:2 | Killed Sojobo
 49816 | Depths:2 | Paralysed by a sphinx for 5 turns
 49832 | Depths:2 | Paralysed by a floating eye for 2 turns
 49834 | Depths:2 | Noticed a caustic shrike
 49849 | Depths:2 | Killed a caustic shrike
 49850 | Depths:2 | Gained mutation: You are immune to freezing clouds.
                  | [demonic ancestry]
 49850 | Depths:2 | Reached XP level 23. HP: 151/197 MP: 22/28
 49854 | Depths:2 | Received a gift from Okawaru
 49864 | Depths:2 | Paralysed by a floating eye for 3 turns
 50060 | Depths:2 | Noticed Mara
 50067 | Depths:2 | Noticed Sin92's illusion
 50075 | Depths:2 | Killed Mara
 50166 | Depths:2 | Found Afaum's Assorted Antiques.
 50178 | Depths:2 | Found Netaonly's General Store.
 50178 | Depths:2 | Found Ryifoer's Book Shop.
 50201 | Depths:2 | Bought a scroll of blinking for 330 gold pieces
 50201 | Depths:2 | Found Ezyutzim's Distillery.
 50213 | Depths:2 | Bought a potion of might for 80 gold pieces
 50213 | Depths:2 | Bought a potion of might for 80 gold pieces
 50213 | Depths:2 | Bought a potion of invisibility for 160 gold pieces
 50213 | Depths:2 | Bought a potion of cancellation for 160 gold pieces
 50216 | Depths:2 | Bought a scroll of fear for 45 gold pieces
 50827 | Depths:2 | Identified the Disquisition on Feathers
 50999 | Depths:3 | Found a runed translucent door.
 51165 | Depths:3 | Noticed a caustic shrike
 51165 | Depths:3 | Noticed a caustic shrike
 51165 | Depths:3 | Noticed a caustic shrike
 51166 | Depths:3 | Noticed a caustic shrike
 51194 | Depths:3 | Killed a caustic shrike
 51194 | Depths:3 | Received a gift from Okawaru
 51202 | Depths:3 | Cast into level 2 of the Abyss (a deep elf sorcerer)
 51202 | Abyss:2  | Found a corrupted altar of Lugonu.
 51218 | Depths:3 | Escaped the Abyss
 51241 | Depths:3 | Killed a caustic shrike
 51242 | Depths:3 | Reached skill level 21 in Axes
 51254 | Depths:3 | Killed a caustic shrike
 51454 | Depths:3 | Received a gift from Okawaru
 51457 | Depths:3 | Got a pitted glaive {god gift}
 51458 | Depths:3 | Identified the +3 glaive of Arrival {freeze, rPois Int+4}
                  | (Okawaru gifted it to you on level 3 of the Depths)
 51523 | Depths:3 | Killed a caustic shrike
 51572 | Depths:3 | Found a one-way gate leading to the halls of Pandemonium.
 52140 | Depths:3 | Found a one-way gate to the infinite horrors of the Abyss.
 52279 | Depths:3 | Found a gateway to a ziggurat.
 53113 | Depths:4 | Received a gift from Okawaru
 53121 | Depths:4 | Got a crude spear {god gift}
 53131 | Depths:4 | Identified the +3 spear of Blood-Lust {pain, +Fly rN+}
                  | (Okawaru gifted it to you on level 4 of the Depths)
 53349 | Depths:4 | Found Zicyfipn's Gadget Shop.
 53349 | Depths:4 | Found Koduri's Jewellery Emporium.
 53350 | Depths:4 | Found Natzo's Gadget Shop.
 53358 | Depths:4 | Bought the ring "Yxtaobb" {rCorr Dex+4} for 637 gold pieces
 53468 | Depths:4 | Reached XP level 24. HP: 158/207 MP: 29/29
 53845 | Depths:5 | Entered Level 5 of the Depths
 54053 | Depths:5 | Received a gift from Okawaru
 54296 | Depths:5 | Found a gate to the Realm of Zot.
 54359 | Depths:5 | Reached skill level 10 in Invocations
 54564 | Depths:5 | Found an iron altar of Okawaru.
 55092 | Elf:1    | Entered Level 1 of the Elven Halls
 55092 | Elf:1    | Noticed Asterion
 55106 | Elf:1    | Killed Asterion
 55269 | Elf:1    | Noticed Jorgrun
 55283 | Elf:1    | Killed Jorgrun
 55426 | Elf:1    | Found Ytsul's Book Emporium.
 55920 | Elf:1    | Received a gift from Okawaru
 56395 | Elf:1    | Noticed Nikola
 56404 | Elf:1    | Killed Nikola
 56514 | Elf:1    | Found a runed translucent gate.
 56514 | Elf:1    | Found a runed translucent gate.
 56514 | Elf:1    | Found a runed translucent gate.
 56514 | Elf:1    | Found a runed translucent gate.
 56514 | Elf:1    | Found a runed translucent gate.
 56515 | Elf:1    | Found a runed translucent gate.
 56706 | Elf:2    | Found a ruined gateway.
 56723 | Desolati | Entered the Desolation of Salt
 56864 | Desolati | Got a scorched wooden ring
 56865 | Desolati | Identified the ring "Plog" {+Fly rElec Will+ SInv} (You
                  | found it in the Desolation of Salt)
 57043 | Desolati | Received a gift from Okawaru
 57228 | Desolati | Gained mutation: You are completely covered in rugged brown
                  | scales. (AC +3, +7% HP) [demonic ancestry]
 57228 | Desolati | Reached XP level 25. HP: 168/220 MP: 31/31
 57460 | Desolati | Got a dazzling trident
 57470 | Desolati | Identified the +8 trident of Liaxzun {flame, *Drain rPois
                  | Int+2 Dex+4} (You found it in the Desolation of Salt)
 57556 | Desolati | Got fading pearl dragon scales
 57557 | Desolati | Identified the cursed +0 pearl dragon scales of Nukiq {Harm
                  | *Slow rC+++ rN+ Str-4} (You found it in the Desolation of
                  | Salt)
 57560 | Desolati | Got a polished morningstar
 57562 | Desolati | Got a flickering golden ring
 57563 | Desolati | Identified the +8 morningstar "Beastbane" {protect, rPois
                  | Str+5 Int-3 Dex+4} (You found it in the Desolation of Salt)
 57564 | Desolati | Identified the ring "Bess" {rC- rN+ Int+6 Dex+7} (You found
                  | it in the Desolation of Salt)
 57915 | Elf:2    | Found a shimmering blue altar of Sif Muna.
 57938 | Elf:2    | Received a gift from Okawaru
 57951 | Elf:2    | Got a translucent trident {god gift}
 58313 | Elf:2    | Identified the +1 trident "Cyajim" {venom, Str+4} (Okawaru
                  | gifted it to you on level 2 of the Elven Halls)
 58426 | Elf:2    | Found a huge runed translucent gate.
 58426 | Elf:2    | Found a huge runed translucent gate.
 58426 | Elf:2    | Found a huge runed translucent gate.
 58429 | Elf:2    | Found a huge runed translucent gate.
 58430 | Elf:2    | Found a huge runed translucent gate.
 59005 | Elf:3    | Entered Level 3 of the Elven Halls
 59108 | Elf:3    | Cast into level 3 of the Abyss (a deep elf demonologist)
 59155 | Abyss:3  | Received a gift from Okawaru
 59406 | Abyss:3  | Reached skill level 22 in Axes
 59420 | Abyss:3  | Paralysed by accursed screaming for 1 turns
 59458 | Elf:3    | Escaped the Abyss
 59615 | Elf:3    | Cast into level 2 of the Abyss (a deep elf sorcerer)
 59680 | Abyss:2  | Found a corrupted altar of Lugonu.
 60214 | Abyss:3  | Found a snail-covered altar of Cheibriados.
 60379 | Abyss:3  | Gained mutation: You are weak. (Str -2) [a neqoxec]
 60389 | Abyss:3  | Found a corrupted altar of Lugonu.
 60650 | Abyss:3  | Reached XP level 26. HP: 180/232 MP: 28/32
 60665 | Abyss:4  | Gained mutation: You occasionally shout uncontrollably at
                  | your foes. [a neqoxec]
 60711 | Abyss:4  | Received a gift from Okawaru
 60733 | Abyss:4  | Found a corrupted altar of Lugonu.
 60922 | Abyss:5  | Entered Level 5 of the Abyss
 60978 | Abyss:5  | Paralysed by you for 7 turns
 61114 | Elf:3    | Escaped the Abyss
 61114 | Elf:3    | Identified the ring "Ygouryub" {*Slow Str+4 Dex+5 Stlth+}
 61148 | Elf:3    | Received a gift from Okawaru
 61264 | Elf:3    | Identified Sif Muna's Catalogue of Icy Flames
 61518 | Elf:3    | Found Xyet's General Store.
 61528 | Elf:3    | Bought a potion of heal wounds for 100 gold pieces
 61732 | Elf:3    | Noticed Aizul
 61747 | Elf:3    | Killed Aizul
 62648 | Crypt:1  | Entered Level 1 of the Crypt
 62833 | Crypt:1  | Reached skill level 23 in Axes
 62900 | Crypt:1  | You fall into a shaft and drop 1 floor!
 63300 | Crypt:1  | Got a pitted cloak
 63371 | Crypt:1  | Identified the cursed -4 cloak of the Unstoppable Knaves
                  | {Int+4 Slay+5} (You found it on level 1 of the Crypt)
 63726 | Crypt:1  | Paralysed by a vampire knight for 4 turns
 63732 | Crypt:1  | Received a gift from Okawaru
 65083 | Crypt:3  | Entered Level 3 of the Crypt
 65304 | Crypt:3  | Found a staircase to the Tomb.
 65591 | Crypt:3  | Found an ancient bone altar of Kikubaaqudgha.
 65648 | Crypt:3  | Paralysed by a vampire knight for 7 turns
 65893 | Crypt:3  | Received a gift from Okawaru
 65914 | Crypt:3  | Gained mutation: A frigid envelope surrounds you and
                  | freezes all who hurt you. [demonic ancestry]
 65914 | Crypt:3  | Reached XP level 27. HP: 96/241 MP: 32/32
 65966 | Crypt:3  | Noticed Jory
 65977 | Crypt:3  | Killed Jory
 66377 | Crypt:3  | Found a basalt altar of Yredelemnul.
 66382 | Crypt:3  | Found an ancient bone altar of Kikubaaqudgha.
 66402 | Crypt:3  | Reached skill level 24 in Axes
 67127 | Slime:1  | Entered Level 1 of the Pits of Slime
 67132 | Slime:1  | Received a gift from Okawaru
 67190 | Slime:1  | Gained mutation: Your body sometimes deteriorates upon
                  | taking damage. [a shining eye]
 67192 | Slime:1  | Gained mutation: You are very weak. (Str -4) [a shining
                  | eye]
 67282 | Slime:4  | You fall into a shaft and drop 1 floor!
 67282 | Slime:5  | Entered Level 5 of the Pits of Slime
 67292 | Slime:5  | Noticed the Royal Jelly
 67297 | Slime:5  | Found a viscous altar of Jiyva.
 67307 | Slime:5  | Killed the Royal Jelly
 67341 | Slime:5  | Received a gift from Okawaru
 67365 | Slime:5  | Got a slimy rune of Zot
 67385 | Slime:5  | Got a warped tower shield {god gift}
 67386 | Slime:5  | Identified the +6 tower shield "Roxyom" {Str+4 Dex+6}
                  | (Okawaru gifted it to you on level 5 of the Pits of Slime)
 67410 | Slime:5  | Lost mutation: You are very weak. (Str -4) [potion of
                  | mutation]
 67410 | Slime:5  | Lost mutation: Your body sometimes deteriorates upon taking
                  | damage. [potion of mutation]
 67410 | Slime:5  | Lost mutation: You are weak. (Str -2) [potion of mutation]
 67410 | Slime:5  | Gained mutation: You expend magic power (3 MP) to
                  | strengthen your wands. [potion of mutation]
 67410 | Slime:5  | Gained mutation: You are somewhat resistant to further
                  | mutation. [potion of mutation]
 67646 | Slime:3  | Gained mutation: You are dopey. (Int -2) [a shining eye]
 67925 | Slime:1  | Gained mutation: You sometimes yell uncontrollably at your
                  | foes. [a shining eye]
 68356 | Hell     | Entered the Vestibule of Hell
 68356 | Hell     | Noticed Geryon
 68362 | Hell     | Noticed Murray
 68371 | Hell     | Killed Geryon
 68386 | Hell     | Killed Murray
 68754 | Hell     | Found a gateway to the freezing wastes of Cocytus.
 68787 | Hell     | Found a gateway to the Iron City of Dis.
 68836 | Hell     | Found a gateway to the ashen valley of Gehenna.
 68923 | Hell     | Found a gateway to the decaying netherworld of Tartarus.
 69275 | Tar:1    | Entered Level 1 of Tartarus
 69309 | Tar:1    | Received a gift from Okawaru
 69312 | Tar:1    | Got a shimmering kite shield {god gift}
 69313 | Tar:1    | Identified the +7 kite shield of the Fletcher {rN+ Str+4
                  | Dex+2} (Okawaru gifted it to you on level 1 of Tartarus)
 70005 | Tar:6    | You fall into a shaft and drop 1 floor!
 70005 | Tar:7    | Entered Level 7 of Tartarus
 70027 | Tar:7    | Noticed an ancient lich
 70041 | Tar:7    | Noticed an ancient lich
 70043 | Tar:7    | Killed an ancient lich
 70055 | Tar:7    | Killed an ancient lich
 70217 | Tar:7    | Identified the Handbook of the Birds and Transmigration
 70222 | Tar:7    | Got an ancient chain mail
 70224 | Tar:7    | Got a scorched executioner's axe
 70225 | Tar:7    | Identified the cursed +0 chain mail of Elitism {rPois} (You
                  | found it on level 7 of Tartarus)
 70226 | Tar:7    | Identified the +9 executioner's axe of the Establishment
                  | {protect, *Rage rN+++ Will++ Dex-4} (You found it on level
                  | 7 of Tartarus)
 70306 | Tar:7    | Acquired 842 gold pieces
 70319 | Tar:7    | Acquired a manual of Polearms
 70321 | Tar:7    | Acquired 654 gold pieces
 70340 | Tar:7    | Noticed Ereshkigal
 70345 | Tar:7    | Received a gift from Okawaru
 70386 | Tar:7    | Killed Ereshkigal
 70387 | Tar:7    | Reached skill level 25 in Axes
 70407 | Tar:7    | Got a bone rune of Zot
 70926 | Coc:1    | Entered Level 1 of Cocytus
 71215 | Coc:3    | Gained mutation: You are very dopey. (Int -4) [mutagenic
                  | glow]
 71224 | Coc:3    | Gained mutation: Your body sometimes deteriorates upon
                  | taking damage. [mutagenic glow]
 71278 | Coc:7    | Entered Level 7 of Cocytus
 71485 | Coc:7    | Noticed Antaeus
 71571 | Coc:7    | HP: 10/248 [Ice Fiend/bolt of cold (6)]
 72189 | Coc:7    | Received a gift from Okawaru
 72194 | Coc:7    | Got an ancient broad axe {god gift}
 72195 | Coc:7    | Identified the +8 broad axe "Qeruunen" {chaos, Str+3}
                  | (Okawaru gifted it to you on level 7 of Cocytus)
 72230 | Coc:7    | Lost mutation: You are very dopey. (Int -4) [potion of
                  | mutation]
 72230 | Coc:7    | Lost mutation: You are somewhat resistant to further
                  | mutation. [potion of mutation]
 72230 | Coc:7    | Lost mutation: You expend magic power (3 MP) to strengthen
                  | your wands. [potion of mutation]
 72679 | Coc:7    | Lost mutation: You are dopey. (Int -2) [potion of mutation]
 72679 | Coc:7    | Lost mutation: Your body sometimes deteriorates upon taking
                  | damage. [potion of mutation]
 72679 | Coc:7    | Lost mutation: You sometimes yell uncontrollably at your
                  | foes. [potion of mutation]
 72679 | Coc:7    | Lost mutation: You occasionally shout uncontrollably at
                  | your foes. [potion of mutation]
 72679 | Coc:7    | Gained mutation: You can translocate small distances at
                  | will. [potion of mutation]
 72679 | Coc:7    | Gained mutation: You are covered in fur. (AC +1) [potion of
                  | mutation]
 72679 | Coc:7    | Gained mutation: You tend to lose your temper in combat.
                  | [potion of mutation]
 72679 | Coc:7    | Gained mutation: You have a pair of small antennae on your
                  | head. [potion of mutation]
 72680 | Coc:7    | Lost mutation: You tend to lose your temper in combat.
                  | [potion of mutation]
 72680 | Coc:7    | Lost mutation: You can translocate small distances at will.
                  | [potion of mutation]
 72680 | Coc:7    | Lost mutation: You have a pair of small antennae on your
                  | head. [potion of mutation]
 72680 | Coc:7    | Lost mutation: You are covered in fur. (AC +1) [potion of
                  | mutation]
 72680 | Coc:7    | Gained mutation: Your spells are a little harder to cast,
                  | but a little more powerful. [potion of mutation]
 72680 | Coc:7    | Gained mutation: You have sharp fingernails. [potion of
                  | mutation]
 72879 | Coc:7    | Received a gift from Okawaru
 72885 | Coc:7    | Got an ivory war axe {god gift}
 72886 | Coc:7    | Identified the +1 war axe of Haokent {vorpal, rN+} (Okawaru
                  | gifted it to you on level 7 of Cocytus)
 73185 | Dis:1    | Entered Level 1 of the Iron City of Dis
 73743 | Dis:4    | You fall into a shaft and drop 1 floor!
 74046 | Dis:7    | Entered Level 7 of the Iron City of Dis
 74132 | Dis:7    | Received a gift from Okawaru
 74601 | Dis:7    | Received a gift from Okawaru
 74602 | Dis:7    | Got a pitted tower shield {god gift}
 74613 | Dis:7    | Identified the +1 tower shield of Meluomorgh {rF+ Will+
                  | Str+6 Dex-4} (Okawaru gifted it to you on level 7 of the
                  | Iron City of Dis)
 74665 | Dis:7    | Found the +4 staff of Dispater
 74665 | Dis:7    | Noticed Dispater
 74691 | Dis:7    | Killed Dispater
 74707 | Dis:7    | Got an iron rune of Zot
 74867 | Dis:7    | Identified the Collected Works on Hurtful Poisoning
 75225 | Dis:7    | Got a transparent mace
 75226 | Dis:7    | Identified the cursed +0 mace "Waywoqo" {vorpal, rPois rF-
                  | Int+6} (You found it on level 7 of the Iron City of Dis)
 75328 | Dis:7    | Got a fine platinum amulet
 75371 | Dis:7    | Identified the amulet "Worph" {RegenMP rN+ Int+4} (You
                  | found it on level 7 of the Iron City of Dis)
 75509 | Dis:7    | Reached skill level 26 in Axes
 75563 | Dis:7    | Identified the Almanac of Companions and Evil
 75701 | Dis:7    | Identified the Collected Works on Evil
 75835 | Dis:7    | Received a gift from Okawaru
 76157 | Geh:1    | Entered Level 1 of Gehenna
 76933 | Geh:5    | Received a gift from Okawaru
 77019 | Geh:7    | Entered Level 7 of Gehenna
 77702 | Depths:3 | Voluntarily entered the Abyss.
 77965 | Abyss:2  | Reached skill level 10 in Polearms
 78021 | Abyss:2  | Reached skill level 15 in Dodging
 78320 | Abyss:2  | Found a corrupted altar of Lugonu.
 78569 | Abyss:2  | Paralysed by accursed screaming for 1 turns
 78841 | Abyss:2  | Found a corrupted altar of Lugonu.
 78869 | Abyss:2  | Received a gift from Okawaru
 79110 | Abyss:3  | Gained mutation: You tend to lose your temper in combat. [a
                  | neqoxec]
 79342 | Abyss:3  | Paralysed by accursed screaming for 2 turns
 79363 | Abyss:3  | Got an abyssal rune of Zot
 79369 | Abyss:3  | Paralysed by accursed screaming for 1 turns
 79469 | Depths:3 | Escaped the Abyss
 80235 | Tomb:1   | Entered Level 1 of the Tomb of the Ancients
 80343 | Tomb:1   | Lost mutation: You have sharp fingernails. [potion of
                  | mutation]
 80343 | Tomb:1   | Gained mutation: You are weak. (Str -2) [potion of
                  | mutation]
 80343 | Tomb:1   | Gained mutation: You expend magic power (3 MP) to
                  | strengthen your wands. [potion of mutation]
 80344 | Tomb:1   | Lost mutation: You tend to lose your temper in combat.
                  | [potion of mutation]
 80344 | Tomb:1   | Lost mutation: Your spells are a little harder to cast, but
                  | a little more powerful. [potion of mutation]
 80344 | Tomb:1   | Lost mutation: You expend magic power (3 MP) to strengthen
                  | your wands. [potion of mutation]
 80344 | Tomb:1   | Lost mutation: You are weak. (Str -2) [potion of mutation]
 80344 | Tomb:1   | Gained mutation: You are clumsy. (Dex -2) [potion of
                  | mutation]
 80344 | Tomb:1   | Gained mutation: Armour fits poorly on your strangely
                  | shaped body. [potion of mutation]
 80344 | Tomb:1   | Gained mutation: Scrolls take you a little longer to read.
                  | [potion of mutation]
 80344 | Tomb:1   | Gained mutation: Your muscles are strong. (Str +2) [potion
                  | of mutation]
 80345 | Tomb:1   | Lost mutation: Your muscles are strong. (Str +2) [potion of
                  | mutation]
 80345 | Tomb:1   | Lost mutation: You are clumsy. (Dex -2) [potion of
                  | mutation]
 80345 | Tomb:1   | Gained mutation: Your magical capacity is low. (-10% MP)
                  | [potion of mutation]
 80345 | Tomb:1   | Gained mutation: Your mind is acute. (Int +2) [potion of
                  | mutation]
 80345 | Tomb:1   | Gained mutation: You have a pair of small horns on your
                  | head. [potion of mutation]
 80346 | Tomb:1   | Lost mutation: Your mind is acute. (Int +2) [potion of
                  | mutation]
 80346 | Tomb:1   | Lost mutation: Your magical capacity is low. (-10% MP)
                  | [potion of mutation]
 80346 | Tomb:1   | Gained mutation: Potions are less effective at restoring
                  | your health. [potion of mutation]
 80346 | Tomb:1   | Lost mutation: Scrolls take you a little longer to read.
                  | [potion of mutation]
 80346 | Tomb:1   | Gained mutation: You can translocate small distances at
                  | will. [potion of mutation]
 80346 | Tomb:1   | Gained mutation: You possess an exceptional clarity of
                  | mind. [potion of mutation]
 80726 | Orc:2    | Bought a potion of mutation for 112 gold pieces
 80728 | Orc:2    | Bought a potion of heal wounds for 75 gold pieces
 80728 | Orc:2    | Bought a potion of resistance for 150 gold pieces
 80728 | Orc:2    | Bought a potion of heal wounds for 75 gold pieces
 80728 | Orc:2    | Bought a potion of flight for 45 gold pieces
 80731 | Orc:2    | Bought 2 potions of resistance for 320 gold pieces
 80731 | Orc:2    | Bought a potion of berserk rage for 80 gold pieces
 80731 | Orc:2    | Bought a potion of heal wounds for 80 gold pieces
 80731 | Orc:2    | Bought a potion of invisibility for 128 gold pieces
 80731 | Orc:2    | Bought 2 potions of heal wounds for 160 gold pieces
 80731 | Orc:2    | Lost mutation: You have a pair of small horns on your head.
                  | [potion of mutation]
 80731 | Orc:2    | Lost mutation: You possess an exceptional clarity of mind.
                  | [potion of mutation]
 80731 | Orc:2    | Gained mutation: Your spells are a little easier to cast,
                  | but a little less powerful. [potion of mutation]
 80731 | Orc:2    | Gained mutation: You are agile. (Dex +2) [potion of
                  | mutation]
 80733 | Orc:2    | Bought a potion of mutation for 256 gold pieces
 80733 | Orc:2    | Lost mutation: Armour fits poorly on your strangely shaped
                  | body. [potion of mutation]
 80733 | Orc:2    | Lost mutation: Your spells are a little easier to cast, but
                  | a little less powerful. [potion of mutation]
 80733 | Orc:2    | Lost mutation: You can translocate small distances at will.
                  | [potion of mutation]
 80733 | Orc:2    | Gained mutation: Armour fits poorly on your strangely
                  | shaped body. [potion of mutation]
 80733 | Orc:2    | Gained mutation: You are covered in fur. (AC +1) [potion of
                  | mutation]
 81423 | Tomb:1   | Received a gift from Okawaru
 82050 | Tomb:1   | Noticed a royal mummy
 82059 | Tomb:1   | Killed a royal mummy
 82687 | Tomb:1   | Noticed a royal mummy
 82726 | Tomb:1   | Killed a royal mummy
 83294 | Tomb:2   | Noticed a royal mummy
 83297 | Tomb:2   | Noticed a royal mummy
 83301 | Tomb:2   | Noticed a royal mummy
 83305 | Tomb:2   | Killed a royal mummy
 83309 | Tomb:2   | Noticed an ancient lich
 83318 | Tomb:2   | Killed a royal mummy
 83351 | Tomb:3   | Entered Level 3 of the Tomb of the Ancients
 83379 | Tomb:3   | Received a gift from Okawaru
 83405 | Tomb:3   | Noticed a royal mummy
 83405 | Tomb:3   | Noticed a royal mummy
 83419 | Tomb:3   | Noticed a royal mummy
 83456 | Tomb:3   | Found the ring of the Tortoise {AC+8}
 84175 | Tomb:3   | Noticed a royal mummy
 84175 | Tomb:3   | Noticed a royal mummy
 84175 | Tomb:3   | Noticed a royal mummy
 84175 | Tomb:3   | Noticed a royal mummy
 84176 | Tomb:3   | Noticed a royal mummy
 84216 | Tomb:3   | Got a golden rune of Zot
 84248 | Tomb:3   | Identified Faobeq's Compendium of Dusty Toxins
 84254 | Tomb:3   | HP: 11/250 [mummy priest/divine providence (11)]
 84260 | Tomb:3   | HP: 5/251 [death scarab (12)]
 84262 | Tomb:3   | Mangled by a bennu

Illustrated notes

Levels and vault maps discovered:
D:1:      minmay_arrival_floating_metal, layout_rooms
D:2:      layout_rooms, yredelemnul_altar_generic, minmay_mini_jars
D:3:      layout_rooms, lemuel_doored_altar,
          nicolae_dithmenos_through_a_glass_darkly
D:4:      layout_rooms, cheibrodos_sewer_entry_sluice, uniq_robin
D:5:      layout_basic, grunt_temple_overflow_order_and_chaos_2,
          temple_fountains, basic_altar, minmay_misc_feat_encased
D:6:      hangedman_cross_stitches, layout_loops_ring,
          gammafunk_temple_overflow_statue
D:7:      layout_layer_cave, overflow_temple_1_default, hex_tiny,
          nemelex_diamond_rough_becter, uniq_duvessa
D:8:      layout_loops_ring, serial_bayou, serial_bayou_ford_a,
          serial_bayou_pond_d, serial_bayou_pond_b, serial_bayou_pond_d,
          serial_shops, nicolae_shop_trees, uniq_grum, uniq_maggie
D:9:      layout_irregular_city, dpeg_oklobed_lair
D:10:     minmay_the_grid_triangle_9x9_rhombus_full
          [minmay_the_grid_triangle_9x9_stretched_checkered,
          minmay_the_grid_triangle_9x9_corruption,
          minmay_the_grid_triangle_9x9_longest,
          minmay_the_grid_triangle_9x9_tough_junction,
          minmay_the_grid_triangle_9x9_warning,
          minmay_the_grid_triangle_9x9_wacky_v,
          minmay_the_grid_triangle_9x9_from_above,
          minmay_the_grid_triangle_9x9_prize_insulated], layout_cave_pods,
          amcnicky_mini_corridor_feature, minivault_29
D:11:     layout_roguey, hiddenorc2_lemuel, enter_bailey_4
D:12:     layout_gridville, serial_shops, shop, minmay_bent
D:13:     layout_long_grid, skrybe_vaults_entry_preservation,
          guppyfry_shop_venom
D:14:     layout_loops_corners, serial_shops, shop_statue,
          hangedman_decor_clover_reticule
D:15:     gammafunk_enter_depths_forms, layout_cross,
          chequers_serial_rivers_large_a
Temple:   jpeg_temple_clearing
Lair:1:   layout_chaotic_city, lemuel_fruit_fields, wad_woods_river_01
Lair:2:   layout_regular_city, maelrawn_ghost_gauntlet_escape
Lair:3:   layout_layer_cave, minmay_shoals_entry_centaurs, dummy_spider_entry,
          st_stairs_3
Lair:4:   layout_small_grid, portal_ice_cave_rime, serial_bayou_pond_c,
          hangedman_lair_unloving_vines, roderic_batcave, lemuel_fruit_tree
Lair:5:   layout_small_grid, special_room [special_room_mythical_zoo]
Lair:6:   cheibrodos_lair_end_hotspot, layout_regular_city,
          minmay_slime_entry_oklob_enclosed, minmay_lair_drake_nest
Shoals:1: layout_shoals
Shoals:2: layout_shoals, uniq_polyphemus
Shoals:3: layout_shoals, uniq_roxanne
Shoals:4: shoals_end_grunt_garden, layout_shoals, uniq_bai_suzhen
Spider:1: nicolae_spider_mines_1, guppyfry_spider_mini_3, uniq_frances,
          uniq_josephine
Spider:2: layout_spider_delve, uniq_louise, uniq_azrael
Spider:3: layout_spider_delve
Spider:4: floodkiller_spider_rune_tomb
Slime:1:  layout_caves
Slime:2:  layout_caves, nicolae_slime_round_cave
Slime:3:  layout_caves
Slime:4:  layout_caves, nicolae_slime_phagocytosis
Slime:5
Orc:1:    layout_caves, basic_altar
Orc:2:    st_orc_ogre_mass, layout_diamond_mine, enter_volcano_2,
          bh_open_orc_temple, uniq_urug
Elf:1:    layout_geoelf_diagonals, serial_sigils,
          serial_sigils_hangedman_scratch, serial_sigils_hangedman_quiver,
          serial_sigils_hangedman_clutch, serial_sigils_hangedman_gut,
          serial_sigils_hangedman_gnaw, serial_sigils_hangedman_confine,
          serial_shops, shop, orc_legates, uniq_nikola, uniq_asterion,
          uniq_jorgrun
Elf:2:    layout_onion_city, portal_desolation_entry_salt, nicolae_elf_v_pinch,
          amcnicky_altar_gilded
Elf:3:    grunt_elf_hall_spiral, layout_onion_city, serial_shops, shop,
          uniq_aizul
Vaults:1: hangedman_vaults_stagger, nicolae_vaults_stairing_the_circle,
          vaults_mumra_hexcomb, v_rooms_1, nicolae_vaults_ninety_degrees,
          ontoclasm_vaults_ring_large, nicolae_vaults_circle_grid_a, v_misc_18,
          nicolae_vaults_diagonal_hallway_8, layout_vaults_maze_bifur
Vaults:2: vaults_room_ringed_pool, v_pattern_1,
          minmay_crypt_entry_skeletal_spiral, ontoclasm_vaults_spin,
          hangedman_vaults_snaps, nicolae_vaults_rhombus_6,
          nicolae_vaults_circle_grid_b, grunt_vaults_focal,
          nicolae_vaults_what_the_h, nicolae_vaults_diagonal_hallway_6,
          vaults_room_semicircle, layout_vaults_omnicross
Vaults:3: biasface_vaults_ghost_orc_armoury, nicolae_vaults_rhombus_7,
          nicolae_vaults_shelves_hall, vaults_dpeg_cross, gammafunk_the_bubble
          [the_bubble_gammafunk_crates], vaults_room_door_ring,
          ontoclasm_vaults_idyll, nicolae_vaults_arrows, v_misc_1,
          nicolae_vaults_angled_halls, vaults_room_door_hall, v_misc_11,
          vaults_room_pool, layout_vaults_omnibox, serial_shops, shop,
          uniq_mennas
Vaults:4: hangedman_vaults_capsules, vaults_room_grid,
          vaults_room_stairs_pillars, nicolae_vaults_little_squares_4,
          vaults_standard_mumra_lines, nicolae_vaults_network_s,
          nicolae_vaults_mini_display_case, layout_vaults_quadrants,
          serial_shops, shop, shop, shop_statue, shop
Vaults:5
Crypt:1:  layout_chaotic_city, grunt_ministairs_4
Crypt:2:  layout_gridlike, roderic_lattice_octagonal_star
Crypt:3:  lightli_unholy_cathedral, layout_chaotic_city,
          tomb_entry_sphere_bobbens, basic_altar, st_stairs_5, uniq_jory
Tomb:1
Tomb:2
Tomb:3
Depths:1: layout_roguey [special_room_mythical_zoo], hell_entry,
          minmay_misc_feat_alley, nemelex_altar_shiori, grunt_megastairs_4
Depths:2: evilmike_diamond_2, layout_basic, kennysheep_big_empty_room,
          grunt_hell_entry_demonic_statue, amcnicky_mini_pool_small,
          minmay_shoptagon, uniq_mara, uniq_sojobo
Depths:3: grunt_deathspiral_large, layout_cave_pools, enter_ziggurat_e,
          hell_entry, nicolae_lava_and_water, abyss_entry,
          rand_demon_pan_entry_8, minmay_door_square, minmay_crystal_box
Depths:4: grated_community_mu [grated_community_mu_vampire_home,
          grated_community_mu_giant_home, grated_community_mu_spellcaster_home,
          grated_community_mu_orcish_home, grated_community_mu_troll_home,
          grated_community_mu_taur_home, grated_community_mu_unbuilt_plot],
          layout_basic, abyss_entry, hell_entry, grunt_decor_cap,
          minmay_misc_feat_tiny, minmay_checkered_concentric_circles,
          minmay_shop_grove, infiniplex_staircase_split_hallway
Depths:5: grunt_zot_entry_bicorn, layout_gridlike, okawaru_ov_weapons_minmay,
          hell_entry, water_boxes_lemuel
Hell
Dis:1:    layout_jigsaw
Dis:2:    layout_subdivisions, hangedman_dis_chains
Dis:3:    layout_chaotic_city
Dis:4:    layout_gridville
Dis:5:    layout_subdivisions
Dis:6:    layout_subdivisions, hangedman_dis_decor_blocks_talon
Dis:7:    iron_city_of_dis [dis_old, dis_wall_2], layout_chaotic_city
Geh:1:    layout_gehenna_pools_basic, grunt_megastairs_2
Geh:2:    layout_gehenna_pools_triple
Geh:3:    layout_gehenna_lava_caves
Geh:4:    layout_gehenna_pools_basic
Geh:5:    layout_gehenna_pools_basic
Geh:6:    layout_gehenna_lava_caves, lemuel_flamethrower_3
Geh:7:    geh_grunt_pentagon
Coc:1:    layout_ice_bergs
Coc:2:    layout_cocytus_water_paths
Coc:3:    layout_cocytus_water_paths
Coc:4:    layout_cocytus_water_paths
Coc:5:    layout_cocytus_water_paths
Coc:6:    layout_cocytus_water_paths
Coc:7:    coc_mu
Tar:1:    layout_catacombs, nicolae_tar_cuneiform_three
Tar:2:    layout_grid_maze, grunt_megastairs_3
Tar:3:    layout_honeycomb, nicolae_tar_cuneiform_city
Tar:4:    layout_catacombs
Tar:5:    layout_grid_maze, nicolae_tar_cuneiform_bread,
          hangedman_tartarus_temple_path, nicolae_tar_cuneiform_heaven
Tar:6:    layout_honeycomb, nicolae_tar_cuneiform_to_be
Tar:7:    tar_old

Skill      XL: |  1  2  3  4  5  6  7  8  9 10 11 12 13 14 15 16 17 18 19 20 21 22 23 24 25 26 27 |
---------------+----------------------------------------------------------------------------------+-----
Axes           | 2 3 4 5 7 8 10 11 12 14 15 16 17 18 19 20 21 22 23 26 | 26.6
Polearms       | 1 2 3 5 6 7 8 12 | 12.8
Armour         | 3 4 5 6 7 8 9 10 11 12 13 14 15 16 17 18 19 22 | 22.9
Dodging        | 1 2 3 4 5 6 7 8 9 10 11 12 13 14 15 | 15.9
Shields        | 3 4 5 6 7 8 9 10 11 12 13 14 15 16 17 18 19 22 | 22.9
Fighting       | 4 5 6 7 8 9 10 11 12 13 14 15 16 17 18 19 20 24 | 24.6
Invocations    | 1 3 5 7 8 11 13 | 13.0

Action                   |  1- 3 |  4- 6 |  7- 9 | 10-12 | 13-15 | 16-18 | 19-21 | 22-24 | 25-27 || total
-------------------------+-------+-------+-------+-------+-------+-------+-------+-------+-------++-------
Melee: War axe           |    77 |   157 |   247 |   189 |   161 |    36 |       |       |       ||   867
       Kick              |    11 |    34 |    69 |   186 |   211 |   258 |   609 |   915 |  2766 ||  5059
       Hand axe          |       |       |       |   110 |   238 |       |       |       |       ||   348
       Broad axe         |       |       |       |   254 |   335 |  1516 |  1044 |  1521 |  4570 ||  9240
       Whip              |       |       |       |     9 |       |       |       |       |       ||     9
       Trident           |       |       |       |       |    13 |    29 |       |    76 |       ||   118
Throw: Javelin           |       |       |       |       |       |       |       |     1 |     1 ||     2
Invok: Heroism           |       |       |     1 |     2 |     4 |     1 |       |       |     8 ||    16
       Finesse           |       |       |       |       |     1 |     4 |     4 |     7 |    22 ||    38
Evoke: Wand              |       |       |       |       |       |       |       |       |     1 ||     1
  Use: Potion            |     2 |       |       |     5 |     6 |     5 |     5 |    13 |    69 ||   105
       Scroll            |       |     9 |    11 |    12 |    17 |    15 |     5 |    17 |    64 ||   150
 Stab: Distracted        |       |     2 |     1 |     2 |     1 |     8 |     4 |     8 |    38 ||    64
       Confused          |       |       |       |       |       |       |       |     2 |     2 ||     4
       Invisible         |       |       |       |       |       |       |       |       |    36 ||    36
Armor: Scale mail        |    46 |    30 |       |       |       |       |       |       |       ||    76
       Chain mail        |       |    39 |       |       |       |       |       |       |       ||    39
       Plate armour      |       |     2 |   154 |   303 |   320 |   927 |   334 |   345 |       ||  2385
       Crystal plate arm |       |       |       |       |       |       |       |    97 |   836 ||   933
Dodge: Dodged            |    29 |    38 |    57 |   160 |   201 |   627 |   349 |   462 |  1144 ||  3067
       Repelled          |       |       |       |     2 |       |       |       |       |       ||     2
Block: Kite shield       |    43 |    68 |   137 |   304 |   410 |  1794 |   907 |  1226 |   664 ||  5553
       Reflection        |       |       |       |       |       |   107 |    84 |   142 |    97 ||   430
       Tower shield      |       |       |       |       |       |       |       |       |  4162 ||  4162
